NYP
SPOKANE INDIANS @ CONNECTICUT TIGERS
05/21/2045
 
TOP OF THE 1ST
Spokane Indians batting - Pitching for Connecticut Tigers : RHP Ricky Tercero
Pitching: RHP Ricky Tercero
Batting: LHB Fernando Campos 0-0: Ball
1-0: Foul Ball, location: 2F
1-1: Foul Ball, location: 2F
1-2: Strikes out swinging
Batting: RHB Andrew Clarke 0-0: Called Strike
0-1: Ball
1-1: Swinging Strike
1-2: Strikes out swinging
Batting: LHB Alfonso Collazo 0-0: Foul Ball, location: 2F
0-1: SINGLE (Flyball, 9LS, EV 86.9 MPH)
Batting: SHB Kaname Fujimoto 0-0: Called Strike
0-1: Swinging Strike
0-2: Ball
Wild Pitch!
Alfonso Collazo to second
1-2: Strikes out swinging
Top of the 1st over - 0 runs, 1 hit, 0 errors, 1 left on base; Spokane 0 - Connecticut 0
BOTTOM OF THE 1ST
Connecticut Tigers batting - Pitching for Spokane Indians : RHP Bill Tindall
Pitching: RHP Bill Tindall
Batting: RHB Tanner Purchase 0-0: Ground out 6-3 (Groundball, 6, EV 93.1 MPH)
Batting: RHB Travis Newton 0-0: Called Strike
0-1: Called Strike
0-2: Ball
1-2: Ball
2-2: Foul Ball, location: 2F
2-2: Foul Ball, location: 2F
2-2: Strikes out swinging
Batting: RHB John Evancho 0-0: Ball
1-0: Called Strike
1-1: Ground out 6-3 (Groundball, 6, EV 85.0 MPH)
Bottom of the 1st over - 0 runs, 0 hits, 0 errors, 0 left on base; Spokane 0 - Connecticut 0
TOP OF THE 2ND
Spokane Indians batting - Pitching for Connecticut Tigers : RHP Ricky Tercero
Batting: LHB Antonio Domingues 0-0: Swinging Strike
0-1: Ball
1-1: Foul Ball, location: 2F
1-2: Ball
2-2: Ball
3-2: Foul Ball, location: 2F
3-2: Base on Balls
Batting: LHB Mike Sammons 0-0: Ball
1-0: Ball
Antonio Domingues steals 2nd base
2-0: Ball
3-0: Base on Balls
Batting: LHB Yat-sen Zhu 0-0: Foul Ball, location: 2F
0-1: Foul Ball, location: 2F
0-2: Ball
1-2: Strikes out looking
Batting: RHB Matt Strong 0-0: Ball
1-0: Foul Ball, location: 2F
1-1: Swinging Strike
1-2: Fly out, F3 (Flyball, 3D, EV 93.1 MPH)
Batting: SHB Reagan Dudley 0-0: Ground out 4-3 (Groundball, 4, EV 78.1 MPH)
Top of the 2nd over - 0 runs, 0 hits, 0 errors, 2 left on base; Spokane 0 - Connecticut 0
BOTTOM OF THE 2ND
Connecticut Tigers batting - Pitching for Spokane Indians : RHP Bill Tindall
Batting: SHB Ross Holland 0-0: Called Strike
0-1: Swinging Strike
0-2: Strikes out swinging
Batting: RHB Eric Angelle 0-0: Called Strike
0-1: Called Strike
0-2: Foul Ball, location: 2F
0-2: Strikes out looking
Batting: LHB Tokugoro Adachi 0-0: Ball
1-0: Ball
2-0: Called Strike
2-1: Ball
3-1: Called Strike
3-2: Base on Balls
Batting: RHB Jordan Hall 0-0: Called Strike
0-1: Swinging Strike
0-2: Ball
1-2: Fly out, F1 (Line Drive, P, EV 71.9 MPH)
Bottom of the 2nd over - 0 runs, 0 hits, 0 errors, 1 left on base; Spokane 0 - Connecticut 0
TOP OF THE 3RD
Spokane Indians batting - Pitching for Connecticut Tigers : RHP Ricky Tercero
Batting: LHB Fernando Campos 0-0: Ball
1-0: Ball
2-0: Foul Ball, location: 2F
2-1: Ball
3-1: Fly out, F9 (Flyball, 9D, EV 96.2 MPH)
Batting: RHB Andrew Clarke 0-0: Ball
1-0: Ball
2-0: Called Strike
2-1: Foul Ball, location: 2F
2-2: Foul Ball, location: 2F
2-2: Ball
3-2: Foul Ball, location: 2F
3-2: Foul Ball, location: 2F
3-2: SINGLE (Groundball, 25, EV 73.8 MPH) (infield hit)
Batting: LHB Alfonso Collazo 0-0: Called Strike
0-1: SINGLE (Groundball, 4D, EV 108.8 MPH)
Andrew Clarke to second
Runner from 2nd tries for 3rd, SAFE, throw by CF made to third
Batting: SHB Kaname Fujimoto 0-0: Ball
1-0: Ball
2-0: Ball
3-0: Base on Balls
Alfonso Collazo to second
Batting: LHB Antonio Domingues 0-0: Ball
1-0: Ball
2-0: Ball
3-0: Base on Balls
Andrew Clarke scores
Alfonso Collazo to third
Kaname Fujimoto to second
Batting: LHB Mike Sammons 0-0: Fielders Choice at 2nd, 6-4 (Groundball, 6, EV 81.2 MPH)
Alfonso Collazo scores
Kaname Fujimoto to third
Batting: LHB Yat-sen Zhu 0-0: Called Strike
Pickoff Throw by Catcher to First - Out!
Top of the 3rd over - 2 runs, 2 hits, 0 errors, 1 left on base; Spokane 2 - Connecticut 0
BOTTOM OF THE 3RD
Connecticut Tigers batting - Pitching for Spokane Indians : RHP Bill Tindall
Batting: RHB Rocky Hart 0-0: Called Strike
0-1: Foul Ball, location: 2F
0-2: Ball
1-2: Foul Ball, location: 2F
1-2: Ball
2-2: Reached on error, E5 (Groundball, 56, EV 88.8 MPH)
Batting: SHB Dan Crutchfield 0-0: Swinging Strike
0-1: Swinging Strike
0-2: Ball
1-2: Foul Ball, location: 2F
1-2: Ball
Rocky Hart steals 2nd base (no throw)
2-2: Strikes out swinging
Batting: RHB Tanner Purchase 0-0: Ball
1-0: Ball
2-0: Ball
3-0: Base on Balls
Batting: RHB Travis Newton 0-0: Ball
1-0: Ball
2-0: Swinging Strike
2-1: Swinging Strike
2-2: Foul Ball, location: 2F
2-2: Foul Ball, location: 2F
2-2: Ball
3-2: Strikes out swinging
Batting: RHB John Evancho 0-0: Ball
1-0: Fielders Choice at 2nd, 5-4 (Groundball, 5L, EV 93.1 MPH)
Bottom of the 3rd over - 0 runs, 0 hits, 1 error, 2 left on base; Spokane 2 - Connecticut 0
TOP OF THE 4TH
Spokane Indians batting - Pitching for Connecticut Tigers : RHP Ricky Tercero
Batting: LHB Yat-sen Zhu 0-0: Called Strike
0-1: Ball
1-1: Called Strike
1-2: Ground out 4-3 (Groundball, 4M, EV 105.0 MPH)
Batting: RHB Matt Strong 0-0: Ball
1-0: Called Strike
1-1: Ground out 6-3 (Groundball, 56, EV 93.1 MPH)
Batting: SHB Reagan Dudley 0-0: Ball
1-0: Ball
2-0: Ground out 6-3 (Groundball, 6M, EV 78.8 MPH)
Top of the 4th over - 0 runs, 0 hits, 0 errors, 0 left on base; Spokane 2 - Connecticut 0
BOTTOM OF THE 4TH
Connecticut Tigers batting - Pitching for Spokane Indians : RHP Bill Tindall
Batting: SHB Ross Holland 0-0: Ball
1-0: Called Strike
1-1: Ball
2-1: Ball
3-1: Ground out 4-3 (Groundball, 4D, EV 86.2 MPH)
Batting: RHB Eric Angelle 0-0: Called Strike
0-1: Swinging Strike
0-2: Strikes out looking
Batting: LHB Tokugoro Adachi 0-0: Foul Ball, location: 2F
0-1: Foul Ball, location: 2F
0-2: Fly out, F8 (Flyball, 8LM, EV 93.1 MPH)
Bottom of the 4th over - 0 runs, 0 hits, 0 errors, 0 left on base; Spokane 2 - Connecticut 0
TOP OF THE 5TH
Spokane Indians batting - Pitching for Connecticut Tigers : RHP Ricky Tercero
Batting: LHB Fernando Campos 0-0: Ball
1-0: Ball
2-0: Ball
3-0: Base on Balls
Batting: RHB Andrew Clarke 0-0: Ball
Fernando Campos is caught stealing 2nd base 2-4
1-0: Foul Ball, location: 2F
1-1: Called Strike
1-2: Ball
2-2: Strikes out swinging
Batting: LHB Alfonso Collazo 0-0: Ball
1-0: Called Strike
1-1: Swinging Strike
1-2: Strikes out looking
Top of the 5th over - 0 runs, 0 hits, 0 errors, 0 left on base; Spokane 2 - Connecticut 0
BOTTOM OF THE 5TH
Connecticut Tigers batting - Pitching for Spokane Indians : RHP Bill Tindall
Batting: RHB Jordan Hall 0-0: Called Strike
0-1: Ball
1-1: Swinging Strike
1-2: Strikes out looking
Batting: RHB Rocky Hart 0-0: Called Strike
0-1: Swinging Strike
0-2: Foul Ball, location: 2F
0-2: Ball
1-2: Foul Ball, location: 2F
1-2: Foul Ball, location: 2F
1-2: Foul Ball, location: 2F
1-2: Strikes out swinging
Batting: SHB Dan Crutchfield 0-0: Called Strike
0-1: Foul Ball, location: 2F
0-2: Strikes out swinging
Bottom of the 5th over - 0 runs, 0 hits, 0 errors, 0 left on base; Spokane 2 - Connecticut 0
TOP OF THE 6TH
Spokane Indians batting - Pitching for Connecticut Tigers : RHP Ricky Tercero
Pitching: RHP Dan Keener
Batting: SHB Kaname Fujimoto 0-0: Swinging Strike
0-1: Ball
1-1: Foul Ball, location: 2F
1-2: Ground out 4-3 (Groundball, 34, EV 108.8 MPH)
Batting: LHB Antonio Domingues 0-0: Ground out 4-3 (Groundball, 4S, EV 82.5 MPH)
Batting: LHB Mike Sammons 0-0: Ball
1-0: Ball
2-0: Ball
3-0: Base on Balls
Batting: LHB Yat-sen Zhu 0-0: Called Strike
Mike Sammons steals 2nd base
0-1: Ball
1-1: Ball
2-1: Ground out 4-3 (Groundball, 4MD, EV 77.5 MPH)
Top of the 6th over - 0 runs, 0 hits, 0 errors, 1 left on base; Spokane 2 - Connecticut 0
BOTTOM OF THE 6TH
Connecticut Tigers batting - Pitching for Spokane Indians : RHP Bill Tindall
Batting: RHB Tanner Purchase 0-0: Foul Ball, location: 2F
0-1: DOUBLE (Flyball, 8RXD, EV 101.2 MPH)
Batting: RHB Travis Newton 0-0: Ball
1-0: Ball
2-0: Ground out 5-3 (Groundball, 56S, EV 82.5 MPH)
Batting: RHB John Evancho 0-0: Ball
1-0: Ball
2-0: Foul Ball, location: 2F
2-1: Ball
3-1: Called Strike
3-2: Strikes out looking
Batting: SHB Ross Holland 0-0: Called Strike
0-1: Swinging Strike
0-2: Ground out 6-3 (Groundball, 6, EV 85.0 MPH)
Bottom of the 6th over - 0 runs, 1 hit, 0 errors, 1 left on base; Spokane 2 - Connecticut 0
TOP OF THE 7TH
Spokane Indians batting - Pitching for Connecticut Tigers : RHP Dan Keener
Pitching: RHP Scott King
Pinch Hitting: LHB William Hanley 0-0: Called Strike
0-1: Ground out 1-3 (Groundball, 13S, EV 68.1 MPH)
Batting: SHB Reagan Dudley 0-0: Ball
1-0: Called Strike
1-1: Ball
2-1: Swinging Strike
2-2: Ball
3-2: Base on Balls
Batting: LHB Fernando Campos 0-0: Called Strike
Reagan Dudley steals 2nd base
0-1: Ball
1-1: Ball
2-1: Ball
3-1: Foul Ball, location: 2F
3-2: Foul Ball, location: 2F
3-2: SINGLE (Line Drive, 8LS, EV 101.2 MPH)
Reagan Dudley to third
Batting: RHB Andrew Clarke 0-0: Ball
Fernando Campos steals 2nd base
1-0: Ball
2-0: Foul Ball, location: 2F
2-1: Ball
3-1: Base on Balls
Pitching: LHP Neil Palazzo
Batting: RHB Josh Whitmore 0-0: Called Strike
0-1: Ball
1-1: Ball
Wild Pitch!
Reagan Dudley scores
Fernando Campos to third
Andrew Clarke to second
2-1: Ball
3-1: Foul Ball, location: 2F
3-2: Strikes out swinging
Pitching: RHP Tony Kepp
Batting: SHB Kaname Fujimoto 0-0: Called Strike
0-1: Ball
1-1: Foul Ball, location: 2F
1-2: Ball
Wild Pitch!
Fernando Campos scores
Andrew Clarke to third
2-2: Ball
3-2: Foul Ball, location: 2F
3-2: Base on Balls
Batting: LHB Antonio Domingues 0-0: Called Strike
Kaname Fujimoto steals 2nd base
0-1: Ball
Wild Pitch!
Andrew Clarke scores
Kaname Fujimoto to third
1-1: Ball
2-1: Ball
3-1: Foul Ball, location: 2F
3-2: Base on Balls
Batting: LHB Mike Sammons 0-0: Ball
1-0: Ball
2-0: Called Strike
Antonio Domingues steals 2nd base
2-1: Foul Ball, location: 2F
2-2: Foul Ball, location: 2F
2-2: Ball
3-2: 3-RUN HOME RUN (Flyball, 9D, EV 100.0 MPH), Distance : 393 ft
Pitching: LHP Chris Woodruff
Pinch Hitting: RHB Josh Hamilton 0-0: Ball
1-0: Swinging Strike
1-1: Ball
2-1: Foul Ball, location: 2F
2-2: Ball
3-2: Ground out 1-3 (Groundball, 13S, EV 72.5 MPH)
Top of the 7th over - 6 runs, 2 hits, 0 errors, 0 left on base; Spokane 8 - Connecticut 0
BOTTOM OF THE 7TH
Connecticut Tigers batting - Pitching for Spokane Indians : RHP Bill Tindall
Now at 3B: Reagan Dudley
Now at SS: Korekiyo Watanabe
Now in RF: William Hanley
Batting: RHB Eric Angelle 0-0: Called Strike
0-1: Swinging Strike
0-2: Ball
1-2: Ball
2-2: Ball
3-2: Foul Ball, location: 2F
3-2: Fly out, F8 (Flyball, 8LM, EV 87.5 MPH)
Batting: LHB Tokugoro Adachi 0-0: Ball
1-0: Ball
2-0: Foul Ball, location: 2F
2-1: Foul Ball, location: 2F
2-2: Foul Ball, location: 2F
2-2: Strikes out swinging
Batting: RHB Jordan Hall 0-0: Ball
1-0: Ground out 4-3 (Groundball, 4, EV 101.9 MPH)
Bottom of the 7th over - 0 runs, 0 hits, 0 errors, 0 left on base; Spokane 8 - Connecticut 0
TOP OF THE 8TH
Spokane Indians batting - Pitching for Connecticut Tigers : LHP Chris Woodruff
Pinch Hitting: LHB Dave Doughty 0-0: Ball
1-0: Called Strike
1-1: Ball
2-1: Ball
3-1: Called Strike
3-2: Foul Ball, location: 2F
3-2: Foul Ball, location: 2F
3-2: Fly out, F7 (Flyball, 78S, EV 88.8 MPH)
Pinch Hitting: RHB Francisco Trejo 0-0: Ball
1-0: Ball
2-0: Called Strike
2-1: Ball
3-1: Base on Balls
Pitching: RHP Juan Murillo
Pinch Hitting: RHB Matt Wheaton 0-0: Reached on error, E6 (Groundball, 6, EV 103.8 MPH)
Francisco Trejo to second
Batting: RHB Andrew Clarke 0-0: SINGLE (Line Drive, 7S, EV 109.4 MPH)
Francisco Trejo to third
Matt Wheaton to second
Batting: RHB Josh Whitmore 0-0: Called Strike
0-1: Ball
1-1: Foul Ball, location: 2F
1-2: Ball
2-2: Hit by Pitch
Francisco Trejo scores
Matt Wheaton to third
Andrew Clarke to second
Pinch Hitting: SHB Hatsuo Miura 0-0: Foul Ball, location: 2F
0-1: Ball
1-1: Hit by Pitch
Matt Wheaton scores
Andrew Clarke to third
Josh Whitmore to second
Batting: LHB Antonio Domingues 0-0: Called Strike
0-1: Ball
1-1: Ball
2-1: Called Strike
2-2: Foul Ball, location: 2F
2-2: Ball
3-2: Foul Ball, location: 2F
3-2: Fielders Choice at 2nd, 4-6 (Groundball, 4, EV 100.0 MPH)
Andrew Clarke scores
Josh Whitmore to third
Pitching: RHP Jeremy Guidone
Batting: LHB Mike Sammons Balk!
Josh Whitmore scores
Antonio Domingues to second
0-0: Ball
1-0: Ball
2-0: Ball
3-0: Base on Balls
Batting: RHB Korekiyo Watanabe 0-0: Ball
1-0: Ground out 1-3 (Groundball, 13S, EV 72.5 MPH)
Top of the 8th over - 4 runs, 1 hit, 1 error, 2 left on base; Spokane 12 - Connecticut 0
BOTTOM OF THE 8TH
Connecticut Tigers batting - Pitching for Spokane Indians : RHP Bill Tindall
Now at 3B: Francisco Trejo
Now in LF: Hatsuo Miura
Now in CF: Matt Wheaton
Now in RF: Dave Doughty
Batting: RHB Rocky Hart 0-0: Fly out, F8 (Flyball, 78D, EV 91.2 MPH)
Batting: SHB Dan Crutchfield 0-0: Ground out 5-3 (Groundball, 5, EV 88.1 MPH)
Pinch Hitting: SHB Sean Foley 0-0: Foul Ball, location: 2F
0-1: Foul Ball, location: 2F
0-2: Foul Ball, location: 2F
0-2: Strikes out swinging
Bottom of the 8th over - 0 runs, 0 hits, 0 errors, 0 left on base; Spokane 12 - Connecticut 0
TOP OF THE 9TH
Spokane Indians batting - Pitching for Connecticut Tigers : RHP Jeremy Guidone
Now at 1B: Dan Crutchfield
Now at 2B: Sean Foley
Now in LF: Eric Angelle
Pinch Hitting: RHB Eddie Wilkins 0-0: Fly out, F7 (Line Drive, 7, EV 98.1 MPH)
Batting: RHB Francisco Trejo 0-0: Ball
1-0: TRIPLE (Flyball, 8RXD, EV 105.0 MPH)
Batting: RHB Matt Wheaton 0-0: Ball
Wild Pitch!
Francisco Trejo scores
1-0: Ball
2-0: Called Strike
2-1: Foul Ball, location: 2F
2-2: Fly out, F7 (Flyball, 7D, EV 91.2 MPH)
Batting: RHB Andrew Clarke 0-0: Called Strike
0-1: Ball
1-1: Ball
2-1: Ball
3-1: Foul Ball, location: 2F
3-2: Foul Ball, location: 2F
3-2: Fly out, F4 (Popup, 34S, EV 83.1 MPH)
Top of the 9th over - 1 run, 1 hit, 0 errors, 0 left on base; Spokane 13 - Connecticut 0
BOTTOM OF THE 9TH
Connecticut Tigers batting - Pitching for Spokane Indians : RHP Bill Tindall
Now at 2B: Knud Prins
Now in RF: Eddie Wilkins
Batting: RHB Travis Newton 0-0: Ball
1-0: Called Strike
1-1: Foul Ball, location: 2F
1-2: Fly out, F6 (Flyball, 6MD, EV 86.9 MPH)
Batting: RHB John Welch 0-0: Called Strike
0-1: Swinging Strike
0-2: Fly out, F5 (Line Drive, 5, EV 74.4 MPH)
Batting: SHB Ross Holland 0-0: SINGLE (Line Drive, 6MD, EV 106.9 MPH)
Pitching: RHP Jason Barlow
Batting: RHB Eric Angelle 0-0: Ball
1-0: Called Strike
1-1: Foul Ball, location: 2F
1-2: 2-RUN HOME RUN (Flyball, 7D, EV 103.8 MPH), Distance : 385 ft
Pinch Hitting: RHB Brian Singer 0-0: Foul Ball, location: 2F
0-1: Ball
1-1: Ground out 6-3 (Groundball, 6, EV 88.8 MPH)
Bottom of the 9th over - 2 runs, 2 hits, 0 errors, 0 left on base; Spokane 13 - Connecticut 2
Wednesday, June 22nd , 2022 - OOTP Baseball 23.4 Build 64